 Dungeon Crawl Stone Soup version 0.30.1-11-g7821555f0a (webtiles) character file.

Game seed: 6137294271011262436

100 RancidPinata the Trooper (level 4, -1/29 HPs)
             Began as a Gargoyle Gladiator on Nov 20, 2023.
             Killed from afar by an orc wizard (11 damage)
             ... with a magic dart
             ... on level 3 of the Dungeon.
             The game lasted 00:06:00 (2231 turns).

RancidPinata the Trooper (Gargoyle Gladiator)       Turns: 2231, Time: 00:06:01

Health: -1/29      AC:  7    Str: 18    XL:     4   Next: 74%
Magic:  4/4        EV: 11    Int:  8    God:
Gold:   116        SH:  3    Dex: 13    Spells: 3/3 levels left

rFire   . . .        a - +0 flail
rCold   . . .        s - +0 buckler
rNeg    + . .        b - +0 leather armour
rPois   ∞            c - +0 helmet
rElec   +            (no cloak)
rCorr   .            (no gloves)
SInv    .            (no boots)
Will    .....        (no amulet)
Stlth   +            (no ring)
HPRegen 0.24/turn    (no ring)
MPRegen 0.09/turn

%: no passive effects
@: no status effects
A: sickness immunity, AC +3, negative energy resistance 1, electricity
resistance, torment resistance 1, petrification resistance
a: no special abilities


You were on level 3 of the Dungeon.
You visited 1 branch of the dungeon, and saw 3 of its levels.

You collected 116 gold pieces.

Inventory:

Hand Weapons
 a - a +0 flail (weapon)
 j - a +1 dagger of venom
Missiles
 d - a throwing net (quivered)
 e - 6 javelins
 f - 28 stones
 k - 2 boomerangs
Armour
 b - a +0 leather armour (worn)
 c - a +0 helmet (worn)
 s - a +0 buckler (worn)
Jewellery
 h - a ring of positive energy
Scrolls
 g - a scroll of teleportation {unknown}
 i - 2 scrolls of identify {unknown}
 n - 2 scrolls of noise {unknown}
 r - 2 scrolls of magic mapping {unknown}
Potions
 l - a potion of berserk rage {unknown}
 m - a potion of resistance
 o - a potion of haste {unknown}
 p - a potion of curing {unknown}
 q - a potion of heal wounds {unknown}


   Skills:
 * Level 3.7 Fighting
 + Level 3.5 Maces & Flails
 + Level 2.4 Throwing
 + Level 1.8 Armour
 - Level 2.4 Dodging


You had 3 spell levels left.
You didn't know any spells.
Your spell library contained the following spells:

 Spells                   Type           Power      Damage    Failure   Level
 Vhi's Electric Charge    Tloc/Air       0%         N/A       90%         3
 Arcjolt                  Conj/Air       0%         1d10      100%        5
 Maxwell's Capacitive Co  Air            0%         ∞         100%        8


Dungeon Overview and Level Annotations

Branches:
Dungeon (3/15)

Altars:


Innate Abilities, Weirdness & Mutations

You are immune to sickness and miasma.
Your stone body is resilient. (AC +3)
You are immune to poison.
You resist negative energy. (rN+)
You are resistant to electric shocks. (rElec)
You are resistant to unholy torment.
You are immune to petrification.


Message History

The puff of flame hits you.
The orc wizard gestures at you while chanting.
You are confused.
You bump into the rock wall.
You bump into the rock wall.
The orc wizard gestures at you while chanting.
The puff of flame misses you.
The orc wizard points at you and mumbles some strange words.
You are more confused.
The orc wizard mumbles some strange words.
The orc wizard flickers and vanishes!
Deactivating autopickup; reactivate with Ctrl-A.
You bump into the rock wall.
Something hits you.
You bump into the rock wall.
Something hits you but does no damage.
You bump into the rock wall.
Something hits you.
You miss something. Something hits you but does no damage.
You thump something! Something hits you but does no damage. Something hits you.
You bump into the rock wall.
Something hits you.
You closely miss something. Something hits you.
You bump into the rock wall.
Something hits you but does no damage. Something hits you.
* * * LOW HITPOINT WARNING * * *
Non-targeted confused throw: 3 throwing nets
Press: ? - help, Q - select action, (/) - cycle Dir - look around, f - activate You throw a throwing net.
You feel less confused. Something hits you but does no damage.
Throw: 2 throwing nets
Press: ? - help, Q - select action, (/) - cycle Shift-Dir - straight line You throw a throwing net.
Something gets caught in the net!
You hear some strange, mumbled words.
Something tries to affect you, but you resist.
Something wriggles in the net.
You hit something. You barely miss something.
Something wriggles in the net.
You hit something.
You hear some strange, mumbled words.
A magic dart appears from out of thin air!
The magic dart hits you!
You die...

##.## #..... #..##
#..... ##########
##..###..... .......(.#
##..##..... .........#
###......... ....?....#
#....##.....
.........####.##.##.....
......[..#.)..##>##.....
.......@...#####..#.....
.......{.### ##..##.##
.......### .. .. #####.#
... ... #. ##


There were no monsters in sight!

Vanquished Creatures
  A gnoll (D:1)
  3 adders
  An orc (D:3)
  2 ball pythons
  6 bats
  3 endoplasms
  4 giant cockroaches
  6 goblins
  6 hobgoblins
  8 jackals (D:1)
  3 kobolds
  2 quokkas (D:1)
  A frilled lizard (D:1)
  5 rats (D:1)
51 creatures vanquished.

Notes
Turn   | Place    | Note
-------+----------+-------------------------------------------
     0 | D:1      | RancidPinata the Gargoyle Gladiator began the quest for the
                  | Orb.
     0 | D:1      | Reached XP level 1. HP: 12/12 MP: 1/1
   197 | D:1      | Reached XP level 2. HP: 18/18 MP: 2/2
   250 | D:1      | Reached skill level 1 in Armour
   255 | D:1      | Reached XP level 3. HP: 20/22 MP: 3/3
  1231 | D:2      | Reached XP level 4. HP: 28/28 MP: 4/4
  2231 | D:3      | Killed from afar by an orc wizard

Illustrated notes

Levels and vault maps discovered:
D:1:      dpeg_arrival_prison, layout_rooms, grunt_decor_one_mirror,
          dk_noncrumbling_4, hangedman_glass_teeth
D:2:      layout_basic
D:3:      layout_rooms, mainiacjoe_overflow_six_doors_small,
          gup_sewer_entry_bowl, ebering_ecumenical_altar_hall, uniq_grinder

Skill      XL: |  1  2  3 |
---------------+----------+-----
Throwing       | 2 |  2.4
Armour         | 1 |  1.8
Fighting       | 3 |  3.7
Maces & Flails | |  3.5
Dodging        | |  2.4

Action                     |  1- 3 |  4- 6 || total
---------------------------+-------+-------++-------
  Melee: Flail             |   144 |    66 ||   210
         Punch             |     1 |       ||     1
  Throw: Throwing net      |       |     2 ||     2
   Stab: Sleeping          |       |     1 ||     1
 Armour: Leather armour    |    91 |    38 ||   129
  Dodge: Dodged            |   140 |    40 ||   180
  Block: Buckler           |       |     5 ||     5
